[Event "Khanty-Mansiysk FIDE GP (Women)"]
[Site "Khanty-Mansiysk"]
[Date "2014.04.16"]
[Round "7"]
[White "Batchimeg, Tuvshintugs"]
[Black "Muminova, Nafisa"]
[Result "0-1"]
[ECO "E59"]
[WhiteElo "2340"]
[BlackElo "2321"]
[Annotator "ChessBase Website"]
[PlyCount "56"]
[EventDate "2014.04.09"]
[EventType "tourn"]
[EventRounds "11"]
[EventCountry "RUS"]
[EventCategory "10"]
[SourceTitle "CBM 160"]
[Source "ChessBase"]
[SourceDate "2014.05.15"]
[SourceVersion "1"]
[SourceVersionDate "2014.05.15"]
[SourceQuality "1"]
[TimeControl "40/5400+30:1800+30"]
[WhiteClock "1:30:00"]
[BlackClock "1:30:00"]

1. d4 Nf6 2. c4 e6 3. Nc3 Bb4 4. e3 O-O 5. Bd3 d5 6. a3 Bxc3+ 7. bxc3 dxc4 8.
Bxc4 c5 9. Nf3 Qc7 10. Ba2 b6 11. O-O Nc6 12. Bb2 (12. Re1 e5 13. h3 e4 14. Nd2 Re8
15. Nf1 Ba6 16. c4 Na5 17. dxc5 Rad8 18. Qa4 Qxc5 19. Bb2 Nd7 20. Ng3 Qc6 21.
Qxc6 Nxc6 22. Nf5 {1/2-1/2 (22) Sebenik,M (2527)-Lenic,L (2617) Sentjur 2013})
12... Ba6 13. Re1 Na5 $146 (
13... Rad8 14. e4 e5 15. d5 Ne7 16. c4 Ng6 17. g3 Bc8 18. Nd2 h5 19. Bb1 h4 20.
Nf1 Qd7 21. Bc1 Qh3 22. Ra2 Rd6 23. Bd3 Nh7 24. Ne3 hxg3 25. fxg3 Ne7 26. Rf2
Nf6 27. Bb2 Nd7 28. Nf5 Nxf5 29. exf5 b5 30. Bxe5 Nxe5 31. Rxe5 bxc4 32. Bxc4
Qh6 33. Qd2 Qf6 34. Qf4 Ba6 35. Rfe2 Qd8 36. Bxa6 Rxa6 37. Qc4 Rxa3 38. Qxc5
Rd3 39. R2e3 Rd2 40. Re2 Rd3 41. Kg2 Rd1 42. f6 gxf6 43. Rh5 {Ibragimov,I 
(2579)-Akopian,V (2660) Kazan 2001 1-0 (65)}) 14. e4 Bc4 15. Bb1 Nb3 16. e5 Nd5 17. Nd2 Nxd2 18.
Qxd2 f5 19. exf6 Rxf6 20. Be4 Raf8 21. f3 Rh6 22. g3 Nf6 23.
Bd3 Bd5 24. Rf1 $4 {[%emt 0:00:40] The
players essayed a topical variation of the Rubinstein Nimzo-Indian and the
game was approximately equal for a while, both of them trying to do as much as
they could with their strategical advantages. Disaster came for the Mongolian
player when she moved 24.Rf1?? missing the devastating 24...Ng4!! After that
happened the game was basically over.} (24. Re3) 24... Ng4 25.
Qg5 Nxh2 26. f4 Nxf1 27. Rxf1 Rh1+ 28. Kf2 Rh2+ 0-1